Map: Oxide LE

Players

Alpharius - Winner!

  • Race: Protoss Protoss
  • League: Diamond

DoHMaN

  • Race: Zerg Zerg

VOD

Have the link to the VOD?

Description

Time

  • Played on: Aug. 15, 2021, 1:59 p.m.
  • Length: 9:18
Show
View Real Time Build Order
Export as new Build Order

Alpharius Protoss - Winner!

Build Orders: 1 Gate Expand 

Get SALT Encoding   

  12  0:00  Probe  
  13  0:12  Probe  
  14  0:19  Pylon  
  14  0:25  Probe  
  15  0:38  Probe  
  15  0:39  Gateway  
  16  0:46  Assimilator  
  16  0:50  Probe (Chrono Boost)  
  17  1:00  Probe (Chrono Boost)  
  18  1:04  Probe (Chrono Boost)  
  19  1:19  Probe  
  20  1:28  Nexus  
  21  1:39  Cybernetics Core  
  19  1:42  Probe (Chrono Boost)  
  19  1:47  Assimilator  
  20  1:54  Probe (Chrono Boost)  
  21  2:03  Gateway  
  22  2:10  Pylon  
  22  2:13  Adept (Chrono Boost)  
  21  2:18  Warp Gate  
  23  2:28  Probe  
  24  2:33  Twilight Council  
  24  2:42  Probe (Chrono Boost)  
  24  2:43  Stalker  
  27  2:44  Probe (Chrono Boost)  
  28  2:55  Probe (Chrono Boost)  
  28  2:57  Probe (Chrono Boost)  
  30  3:01  Probe (Chrono Boost)  
  30  3:04  Probe  
  32  3:09  Charge  
  32  3:12  Probe  
  33  3:16  Probe  
  34  3:24  Probe  
  34  3:26  Robotics Facility  
  35  3:29  Probe  
  35  3:30  Pylon  
  36  3:50  Gateway x2  
  36  3:51  Gateway  
  36  3:53  Gateway  
  36  3:58  Gateway  
  36  4:04  Gateway  
  36  4:10  Warp Prism (Chrono Boost)  
  36  4:11  Probe  
  36  4:16  Probe  
  40  4:20  Pylon  
  40  4:23  Probe  
  41  4:28  Probe  
  42  4:37  Probe  
  43  4:41  Probe  
  44  4:50  Probe  
  45  4:53  Pylon  
  45  4:58  Probe  
  46  5:02  Zealot x5  
  46  5:03  Zealot x3  
  46  5:30  Zealot x4  
  46  5:31  Zealot x4  
  58  5:55  Zealot x5  
  58  5:56  Zealot  
  68  6:01  Pylon  
  66  6:07  Nexus  
  66  6:29  Zealot x6  
  78  6:35  Assimilator  
  78  6:37  Assimilator  
  78  6:39  Pylon  
  78  6:41  Pylon  
  78  6:47  Forge  
  78  6:49  Forge  
  78  6:53  Templar Archives  
  78  6:57  Probe (Chrono Boost)  
  80  7:03  Probe (Chrono Boost)  
  80  7:09  Zealot x2  
  80  7:10  Stalker  
  80  7:11  Stalker, Probe (Chrono Boost)  
  89  7:22  Probe  
  86  7:30  Zealot x3  
  86  7:31  Zealot x3  
  86  7:36  Probe x2  
  98  7:43  Pylon  
  98  7:44  Pylon  
  98  7:46  Probe  
  98  7:48  Probe  
  100  7:51  Pylon  
  100  8:00  High Templar x3  
  100  8:01  High Templar x4  
  100  8:04  Archon x2  
  100  8:05  Archon  
  114  8:14  Zealot  
  102  8:34  Zealot x6  
  102  8:35  Zealot x2  
  116  8:55  Zealot x5  
  116  8:56  Zealot x3  
Show
View Real Time Build Order
Export as new Build Order

DoHMaN Zerg 

Build Orders: Pool First 

Get SALT Encoding   

  12  0:00  Drone  
  13  0:12  Overlord  
  13  0:20  Drone  
  14  0:31  Drone x2  
  16  0:38  Drone  
  17  0:46  Spawning Pool  
  16  1:09  Drone  
  17  1:14  Hatchery  
  16  1:19  Drone  
  16  1:20  Drone  
  18  1:36  Overlord  
  18  1:37  Drone  
  19  1:48  Queen  
  19  1:53  Extractor  
  20  2:00  Drone  
  20  2:01  Drone  
  22  2:23  Queen  
  22  2:27  Drone  
  25  2:31  Drone x3  
  28  2:45  Roach Warren  
  28  2:47  Drone x2  
  29  2:55  Drone  
  29  2:56  Drone  
  29  2:57  Drone x2  
  33  2:59  Overlord x2  
  33  3:13  Drone, Overlord  
  34  3:21  Extractor  
  34  3:22  Extractor  
  34  3:24  Drone, Spine Crawler  
  34  3:25  Drone, Spine Crawler  
  32  3:28  Lair  
  32  3:33  Metabolic Boost  
  32  3:43  Overlord x2  
  32  3:46  Roach  
  34  3:50  Zergling x10  
  34  3:53  Zergling x2  
  40  3:55  Drone  
  41  4:12  Roach x4  
  41  4:14  Overlord  
  49  4:23  Roach x2  
  53  4:36  Drone x3  
  53  4:37  Drone x2  
  58  4:47  Zergling x2  
  59  4:58  Spore Crawler  
  58  5:01  Spore Crawler  
  52  5:14  Zergling x2  
  52  5:15  Zergling x20  
  57  5:30  Glial Reconstitution  
  57  5:33  Zergling x4  
  45  5:53  Roach x5  
  46  6:27  Zergling x2  
  46  6:28  Zergling x10  
  52  6:36  Evolution Chamber  
  52  6:39  Extractor, Drone  
  51  6:40  Evolution Chamber  
  51  6:41  Drone  
  51  6:55  Zergling x2  
  51  6:56  Zergling x14  
  58  7:17  Zerg Ground Armor Level 1  
  58  7:18  Zerg Missile Weapons Level 1  
  58  7:21  Zergling x4  
  58  7:22  Zergling x2  
  51  7:31  Zergling x2  
  51  7:32  Zergling x4  
  51  7:36  Roach x3  
  56  7:45  Infestation Pit, Zergling x2  
  56  8:01  Roach x3  
  56  8:02  Roach  
  55  8:20  Zergling x4  
  55  8:25  Zergling x2  
  55  8:26  Zergling x4  
  25  8:47  Roach  
  25  8:48  Roach  
Tags
 
Add a new tag
Caveats
  • Supply blocks, unpowered buildings, or Contaminate may cause inaccurate times.
  • Supply counts are checked every 10 seconds.